 Dungeon Crawl Stone Soup version 0.24-a0-417-g1cce26a4d2 (webtiles) character file.

Game seed: 10448573371843051322

21357 JellyEater the Geomancer (level 12, -1/71 HPs)
             Began as a Gargoyle Earth Elementalist on June 11, 2019.
             Was a High Priest of Vehumet.
             Slain by a reaper
             ... wielding a +0 scythe of freezing
              (13 damage)
             ... in an ice cave.
             The game lasted 00:59:49 (14570 turns).

JellyEater the Geomancer (GrEE)                    Turns: 14570, Time: 00:59:49

Health: -1/71      AC: 18    Str: 14    XL:     12   Next: 89%
Magic:  3/24       EV: 14    Int: 19    God:    Vehumet [*****.]
Gold:   951        SH:  6    Dex: 13    Spells: 7/28 levels left

rFire    + + .     SeeInvis +   H - +8 morningstar (freeze)
rCold    + + .     Gourm    .   h - +2 buckler {rC+}
rNeg     + . .     Faith    .   I - +1 robe {rC+ rF+}
rPois    ∞         Spirit   .   i - +2 helmet
rElec    +         Reflect  .   w - +0 cloak
rCorr    .         Harm     .   (no gloves)
MR       .....                  c - +0 pair of boots {run}
Stlth    ++........             e - amulet of magic regeneration
HPRegen  0.21/turn              K - ring of protection from fire
MPRegen  0.44/turn              J - ring "Plog" {Dex+3 SInv}

@: flying, studying Axes, quick
A: negative energy resistance 1, electricity resistance, unbreathing,
petrification resistance, rot immunity, AC +8
a: Renounce Religion


You were in an ice cave.
You worshipped Vehumet.
Vehumet was extremely pleased with you.
You were hungry.

You visited 2 branches of the dungeon, and saw 13 of its levels.
You also visited: Ossuary and Ice Cave.

You collected 951 gold pieces.

Inventory:

Hand Weapons
 H - a +8 morningstar of freezing (weapon)
 M - a +3 morningstar
Missiles
 b - 240 stones (quivered)
 l - 9 atropa-tipped darts
 C - 3 throwing nets
Armour
 c - a +0 pair of boots of running (worn)
 h - a +2 buckler of cold resistance (worn)
 i - a +2 helmet (worn)
 n - a +1 pair of boots
 w - a +0 cloak (worn)
 I - a +1 robe of resistance (worn)
Jewellery
 e - an amulet of magic regeneration (around neck)
 D - an uncursed ring of resist corrosion
 J - the ring "Plog" (right hand) {Dex+3 SInv}
   (You took it off a gnoll on level 7 of the Dungeon)

   [ring of see invisible]

   It affects your dexterity (+3).
   It lets you see invisible.
 K - a ring of protection from fire (left hand)
Wands
 a - a wand of digging (8)
 m - a wand of paralysis (9)
 r - a wand of random effects (32)
 s - a wand of polymorph (17)
 B - a wand of disintegration (20)
 G - a wand of flame (16)
Scrolls
 j - 7 scrolls of remove curse
 o - 3 scrolls of identify
 v - a scroll of magic mapping
 x - 8 scrolls of teleportation
 y - a scroll of amnesia
 E - a scroll of fog
Potions
 g - 4 potions of magic
 k - 2 potions of resistance
 p - 5 potions of might
 q - 2 potions of ambrosia
 t - 3 potions of lignification
 u - a potion of degeneration {unknown}
 z - a potion of invisibility
 A - 5 potions of curing
 F - 2 potions of haste
 N - a potion of berserk rage {unknown}
 Q - a potion of cancellation
Books
 L - a manual of Axes
Miscellaneous
 O - a lightning rod (4/4)
 P - a box of beasts
Comestibles
 d - 13 rations


   Skills:
 + Level 6.7 Fighting
 + Level 6.2 Maces & Flails
 - Level 6.0 Armour
 + Level 5.4 Dodging
 - Level 2.1 Stealth
 + Level 1.2 Shields
 + Level 8.9 Spellcasting
 + Level 9.9 Conjurations
   Level 0.7 Transmutations
 + Level 11.6 Earth Magic
 + Level 5.7 Evocations


You had 7 spell levels left.
You knew the following spells:

 Your Spells              Type           Power        Failure   Level  Hunger
a - Sandblast             Erth           ######       1%          1    None
b - Stone Arrow           Conj/Erth      #####.       1%          3    None
c - Lee's Rapid Deconstr  Erth           ######....   1%          5    #####..
d - Bolt of Draining      Conj/Necr      ####......   11%         5    #####..
e - Orb of Destruction    Conj           #####.....   38%         7    #######

Your spell library contained the following spells:

 Spells                   Type           Power        Failure   Level  Hunger
 Lightning Bolt           Conj/Air       ####......   11%         5    #####..
 Passwall                 Tmut/Erth      ####....     1%          2    None
 Petrify                  Tmut/Erth      ####....     9%          4    ###....
 Inner Flame              Hex/Fire       #.......     10%         3    None
 Leda's Liquefaction      Hex/Erth       ####......   11%         4    ###....
 Confusing Touch          Hex            #.....       12%         1    None
 Corona                   Hex            #......      12%         1    None
 Slow                     Hex            #.......     19%         2    None
 Confuse                  Hex            #.......     34%         3    None
 Gell's Gravitas          Tloc           #.........   34%         3    None
 Portal Projectile        Hex/Tloc       #.....       34%         3    None
 Yara's Violent Unravell  Hex/Tmut       #.........   54%         5    #####..
 Cause Fear               Hex            #.........   75%         4    ###....
 Metabolic Englaciation   Hex/Ice        #.........   97%         5    #####..


Dungeon Overview and Level Annotations

Branches:
Dungeon (12/15)            Temple (1/1) D:5            Lair (0/6) D:11
    Orc (0/2) D:10

Altars:
Ashenzari
Cheibriados
Dithmenos
Elyvilon
Fedhas
Gozag
Hepliaklqana
Kikubaaqudgha
Makhleb
Nemelex Xobeh
Okawaru
Qazlal
Ru
Sif Muna
Trog
Uskayaw
Vehumet
Wu Jian
Xom
Yredelemnul
Zin
The Shining One

Shops:
D:4 (

Annotations:
D:3 3 runed translucent doors, firegrace's ghost, amateur MiSk


Innate Abilities, Weirdness & Mutations

You are resistant to torment.
Your stone body is resilient. (AC +8)
You are immune to poison.
You resist negative energy. (rN+)
You are resistant to electric shocks. (rElec)
You can survive without breathing.
You are immune to petrification.
You are immune to rotting.


Message History

The reaper hits you from afar with a +0 scythe of freezing!!!
Ouch! That really hurt!
* * * LOW HITPOINT WARNING * * *
The reaper freezes you.
* * * LOW HITPOINT WARNING * * *
Casting: Stone Arrow (safe; 1% risk of failure)
Confirm with . or Enter, or press ? or * to list all spells.
Aiming: Stone Arrow (safe; 1% risk of failure)
Press: ? - help, Shift-Dir - straight line, f/p - reaper
Aim: a reaper, wielding a +0 scythe of freezing (heavily wounded)
The stone arrow hits the reaper!
The reaper is heavily wounded.
Casting: Stone Arrow (safe; 1% risk of failure)
Confirm with . or Enter, or press ? or * to list all spells.
You don't have enough magic to cast that spell. (Key replay stole keys) Unknown command.
You feel better.
The reaper hits you from afar with a +0 scythe of freezing!
You die...

....#°§§#≈##....#..#
###...#.○§#≈##.#.##..#
......§....≈...###.≈.#
......#..#§#...##..##
#2#..##.##☼#.......#
#.##.#..#≈≈#..#...##
##..#....#§##..#..##
#..2##..##°#...####
#....@..#§☼#..##
#......##§##...#
##.....# #...##
##...## ##..## #####
#....## ##.....## ####
#.......# ##..######
##......# ##....##..##
###.......#


You could see a reaper.

Vanquished Creatures
  A hydra (D:11)
  A two-headed ogre (D:8)
  Urug (D:11)
  The ghost of Jannitor the Fighter, a novice OpCK of Xom (D:7)
  2 fire crabs (D:11)
  2 orc knights (D:10)
  2 manticores (D:11)
  An ugly thing (D:9)
  2 ice statues (IceCv)
  2 centaur skeletons
  2 kobold demonologists (D:11)
  2 trolls
  10 ice devils (IceCv)
  A hornet (D:12)
  A hippogriff (D:7)
  Sigmund (D:2)
  A basilisk (D:11)
  13 yaks
  Grum (D:7)
  A steam dragon (D:6)
  A soldier ant (D:10)
  7 orc warriors
  5 porcupines (D:11)
  5 ice beasts
  3 sky beasts (D:5)
  2 wolves (D:7)
  5 phantoms
  A necrophage (D:12)
  3 centaurs
  An eye of draining (D:8)
  10 ogres
  5 crocodiles
  Blork the orc (D:4)
  A big kobold (D:8)
  6 bullfrogs
  2 water moccasin zombies
  4 gnoll sergeants (D:7)
  4 scorpions
  12 wights
  4 howler monkeys
  5 crimson imps
  2 centaur zombies
  4 hounds
  2 quasits
  A jelly (D:8)
  16 orc priests
  2 bullfrog skeletons
  2 gnoll shamans
  16 orc wizards
  4 iguanas
  5 worker ants
  8 big kobold zombies (Ossuary)
  3 hound zombies
  A hound skeleton (D:8)
  2 mummies
  19 gnolls
  14 adders
  A howler monkey skeleton (D:7)
  9 white imps (IceCv)
  6 ufetubi (IceCv)
  An ooze (D:6)
  3 adder skeletons
  A worm (D:3)
  2 dart slugs
  7 leopard geckos
  61 orcs
  5 spectral bats (Ossuary)
  5 bat simulacra (Ossuary)
  7 giant cockroaches
  4 gnoll zombies (Ossuary)
  14 goblins
  6 hobgoblins
  14 jackals
  13 kobolds
  4 quokkas
  8 bats
  5 frilled lizards
  7 goblin zombies (Ossuary)
  A hobgoblin zombie (Ossuary)
  3 kobold simulacra (Ossuary)
  6 kobold zombies (Ossuary)
  A leopard gecko skeleton (D:8)
  A leopard gecko zombie (D:8)
  4 orc zombies (Ossuary)
  6 rats
  3 rat simulacra (Ossuary)
  A spectral goblin (Ossuary)
  3 spectral kobolds (Ossuary)
  6 spectral rats (Ossuary)
454 creatures vanquished.

Vanquished Creatures (others)
  2 white imps (IceCv)
  2 ufetubi (IceCv)
  3 bushes (D:11)
  5 fungi (D:11)
  17 plants
29 creatures vanquished.

Grand Total: 483 creatures vanquished

Notes
Turn   | Place    | Note
-------+----------+-------------------------------------------
     0 | D:1      | JellyEater the Gargoyle Earth Elementalist began the quest
                  | for the Orb.
     0 | D:1      | Reached XP level 1. HP: 10/10 MP: 3/3
   502 | D:1      | Reached skill level 4 in Earth Magic
   502 | D:1      | Reached XP level 2. HP: 13/15 MP: 5/5
   944 | D:1      | Reached XP level 3. HP: 8/19 MP: 2/6
   949 | D:1      | Learned a level 3 spell: Stone Arrow
  1433 | D:2      | Found an ancient bone altar of Kikubaaqudgha.
  1554 | D:2      | Noticed Sigmund
  1595 | D:2      | Killed Sigmund
  1595 | D:2      | Reached skill level 5 in Earth Magic
  1595 | D:2      | Reached XP level 4. HP: 24/24 MP: 0/9
  1595 | D:2      | Reached XP level 5. HP: 28/28 MP: 0/10
  1632 | D:2      | Learned a level 5 spell: Lee's Rapid Deconstruction
  1653 | D:2      | Reached XP level 6. HP: 30/32 MP: 7/11
  1951 | D:2      | Found a radiant altar of Vehumet.
  1959 | D:2      | Became a worshipper of Vehumet
  2156 | D:2      | Found a glowing golden altar of the Shining One.
  2681 | D:3      | Found a stormy altar of Qazlal.
  2903 | D:3      | Reached * piety under Vehumet
  2903 | D:3      | Offered knowledge of Magic Dart by Vehumet.
  3237 | D:3      | Found a runed translucent gate.
  3237 | D:3      | Found a runed translucent gate.
  3237 | D:3      | Found a runed translucent gate.
  3240 | D:3      | Noticed firegrace's ghost (amateur MiSk)
  3327 | D:3      | Found a shadowy altar of Dithmenos.
  3333 | D:3      | Reached skill level 6 in Earth Magic
  3339 | D:3      | Reached XP level 7. HP: 20/36 MP: 7/13
  3706 | D:4      | Noticed Blork the orc
  3720 | D:4      | Killed Blork the orc
  3787 | D:4      | Found Syddudgh's Weapon Boutique.
  3878 | D:4      | Found a hide-covered altar of Uskayaw.
  4029 | D:4      | Found a sand-covered staircase.
  4035 | Ossuary  | Entered an ossuary
  4224 | Ossuary  | Offered knowledge of Throw Flame by Vehumet.
  4301 | Ossuary  | Reached ** piety under Vehumet
  4301 | Ossuary  | Reached skill level 7 in Earth Magic
  4419 | Ossuary  | Reached skill level 5 in Spellcasting
  4493 | Ossuary  | Reached XP level 8. HP: 34/41 MP: 15/15
  4503 | Ossuary  | Offered knowledge of Throw Frost by Vehumet.
  4503 | Ossuary  | Reached skill level 5 in Conjurations
  4720 | Ossuary  | Reached *** piety under Vehumet
  5538 | D:4      | Found a sacrificial altar of Ru.
  5589 | D:5      | Entered Level 5 of the Dungeon
  5589 | D:5      | Found a shattered altar of Ashenzari.
  5624 | D:5      | Reached skill level 8 in Earth Magic
  5649 | D:5      | Offered knowledge of Ignite Poison by Vehumet.
  5801 | D:5      | Found an ornate altar of the Wu Jian Council.
  5984 | D:5      | Reached XP level 9. HP: 45/45 MP: 16/18
  6001 | D:5      | Found a staircase to the Ecumenical Temple.
  6014 | Temple   | Entered the Ecumenical Temple
  6585 | D:5      | Found an iron altar of Okawaru.
  6696 | D:6      | Reached skill level 9 in Earth Magic
  6745 | D:6      | Reached **** piety under Vehumet
  7058 | D:6      | Reached skill level 1 in Armour
  7092 | D:6      | Offered knowledge of Conjure Flame by Vehumet.
  7092 | D:6      | Reached skill level 1 in Fighting
  7092 | D:6      | Reached skill level 1 in Maces & Flails
  7505 | D:6      | Reached skill level 1 in Evocations
  7971 | D:7      | Reached XP level 10. HP: 54/54 MP: 17/20
  8005 | D:7      | Noticed Jannitor's ghost (novice OpCK)
  8285 | D:7      | Found a transporter.
  8297 | D:7      | Found a transporter.
  8299 | D:7      | Noticed Grum
  8302 | D:7      | Identified the +0 shield of the Great Game {+Blink Int-4
                  | Dex+7}
  8415 | D:7      | Identified the ring "Plog" {Dex+3 SInv}
  8740 | D:7      | Reached ***** piety under Vehumet
  8741 | D:7      | Offered knowledge of Bolt of Draining by Vehumet.
  8749 | D:7      | Killed Grum
  8753 | D:7      | Killed Jannitor's ghost
  8753 | D:7      | Reached skill level 10 in Earth Magic
  8887 | D:7      | Learned a level 5 spell: Bolt of Draining
  8977 | D:8      | Noticed a two-headed ogre
  9179 | D:8      | Killed a two-headed ogre
  9203 | D:8      | Reached XP level 11. HP: 47/61 MP: 8/22
  9992 | D:9      | Offered knowledge of Orb of Destruction by Vehumet.
 10018 | D:9      | Learned a level 7 spell: Orb of Destruction
 10144 | D:9      | Noticed a brown ugly thing
 10151 | D:9      | Killed a brown ugly thing
 10930 | D:10     | Entered Level 10 of the Dungeon
 11011 | D:10     | Reached skill level 5 in Armour
 11446 | D:10     | Found a staircase to the Orcish Mines.
 11448 | D:10     | Noticed an orc knight
 11449 | D:10     | Noticed an orc knight
 11490 | D:10     | Killed an orc knight
 11490 | D:10     | Killed an orc knight
 11729 | D:11     | Reached skill level 5 in Fighting
 11730 | D:11     | Noticed Urug
 11884 | D:11     | Noticed an eight-headed hydra
 11890 | D:11     | Killed an eight-headed hydra
 12293 | D:11     | Noticed a fire crab
 12326 | D:11     | Reached skill level 5 in Maces & Flails
 12333 | D:11     | Noticed a manticore
 12349 | D:11     | Killed a manticore
 12702 | D:11     | Noticed a manticore
 12791 | D:11     | Reached XP level 12. HP: 64/68 MP: 24/24
 12797 | D:11     | Reached skill level 11 in Earth Magic
 12853 | D:11     | Found a staircase to the Lair.
 12941 | D:11     | Found a transporter.
 12959 | D:11     | Found a transporter.
 13012 | D:11     | Killed Urug
 13118 | D:11     | Reached skill level 5 in Evocations
 13120 | D:11     | Reached skill level 5 in Dodging
 13509 | D:12     | Found a frozen archway.
 13516 | IceCv    | Entered an ice cave
 14133 | IceCv    | Identified a +0 pair of boots of running (You found it in
                  | an ice cave)
 14216 | IceCv    | Offered knowledge of Lightning Bolt by Vehumet.
 14532 | IceCv    | Reached skill level 1 in Shields
 14563 | IceCv    | Noticed a reaper
 14568 | IceCv    | HP: 2/71 [reaper/+0 scythe of freezing (38)]
 14570 | IceCv    | Slain by a reaper

Levels and vault maps discovered:
D:1:      nzn_arrival_settlement, layout_loops_corners
D:2:      layout_loops_ring, marbit_many_paths, nicolae_tso_swordbearing_angel,
          lemuel_round_altar, uniq_sigmund
D:3:      layout_basic, nicolae_overflow_crystal_walls,
          ebering_ghost_rock_garden, first_ration, grunt_qazlal_sundering
D:4:      layout_loops_ring, nicolae_ru_path_of_blood, kennysheep_mini,
          serial_shops, shop, gup_ossuary_entry_pyramid, uniq_blork_the_orc
D:5:      layout_rooms, old_standard_altar, okawaru_altar_gauntlet_db,
          minmay_temple_entry_waves, grunt_decor_arrowhead, ashenzari_altar_1
D:6:      layout_loops_cross, chequers_serial_rivers_marsh, st_stairs_2,
          minmay_pentangle
D:7:      layout_loops_corners, gammafunk_ghost_gnarly_gnolls
D:8:      layout_basic
D:9:      layout_cave_pods
D:10:     layout_irregular_city, orc_david_3
D:11:     gammafunk_wand_slinger, layout_rooms, minmay_lair_entry_grove,
          uniq_urug
D:12:     layout_small_grid, special_room [special_room_bee],
          portal_ice_cave_entry_pillars_2
Temple:   minmay_temple_curvy_branch
IceCv:    ice_cave_small_demon

Skill      XL: |  1  2  3  4  5  6  7  8  9 10 11 12 |
---------------+-------------------------------------+-----
Earth Magic    | 4 5 6 7 8 9 10 11 | 11.6
Spellcasting   | 3 4 5 6 7 8 |  8.9
Conjurations   | 2 3 4 6 7 8 9 |  9.9
Armour         | 2 4 5 6 |  6.0
Fighting       | 2 4 5 6 |  6.7
Maces & Flails | 2 3 5 6 |  6.2
Evocations     | 2 3 4 5 |  5.7
Dodging        | 2 3 4 5 |  5.4
Shields        | 1 |  1.2
Stealth        | |  2.1
Transmutations | |  0.7

Action                   |  1- 3 |  4- 6 |  7- 9 | 10-12 || total
-------------------------+-------+-------+-------+-------++-------
Melee: Club              |    99 |       |       |       ||    99
       Mace              |    18 |   112 |   371 |       ||   501
       Morningstar       |       |       |       |   355 ||   355
 Cast: Sandblast         |    16 |    31 |   134 |   124 ||   305
       Lee's Rapid Decon |       |     1 |     9 |    57 ||    67
       Stone Arrow       |       |       |     6 |    40 ||    46
       Bolt of Draining  |       |       |       |    13 ||    13
       Orb of Destructio |       |       |       |     6 ||     6
Evoke: Wand              |       |       |       |     8 ||     8
       Lightning rod     |       |       |       |     5 ||     5
  Use: Scroll            |     8 |     6 |    10 |     2 ||    26
       Potion            |     2 |       |     2 |    11 ||    15
 Stab: Sleeping          |     4 |     2 |    10 |     3 ||    19
       Paralysed         |       |       |       |    11 ||    11
  Eat: Chunk             |     2 |     6 |    15 |    29 ||    52
       Ration            |       |       |     1 |     4 ||     5
Armor: Robe              |    57 |    66 |   262 |   350 ||   735
Dodge: Dodged            |    78 |    85 |   351 |   451 ||   965
Block: Buckler           |       |       |       |    10 ||    10

Table legend:
 A = Non-vault XP
 B = Vault XP
 C = Vault XP percentage of total XP
 D = Non-vault monster count
 E = Vault monster count
 F = Vault count percentage of total count
                 A         B        C        D         E       F
            +---------+---------+-------+---------+---------+-------
      Total |   16953 |   13557 |  44.4 |     312 |     142 |  31.3
            +---------+---------+-------+---------+---------+-------
        D:1 |      37 |       0 |   0.0 |      20 |       0 |   0.0
        D:2 |     137 |     224 |  62.0 |      22 |       2 |   8.3
        D:3 |     241 |       0 |   0.0 |      36 |       0 |   0.0
        D:4 |     578 |     118 |  17.0 |      14 |       2 |  12.5
        D:5 |     900 |      11 |   1.2 |      30 |       6 |  16.7
        D:6 |    1183 |     263 |  18.2 |      26 |       4 |  13.3
        D:7 |    1662 |    1719 |  50.8 |      28 |      16 |  36.4
        D:8 |    3013 |       0 |   0.0 |      58 |       0 |   0.0
        D:9 |    2189 |       0 |   0.0 |      32 |       0 |   0.0
       D:10 |     529 |    1417 |  72.8 |      11 |       7 |  38.9
       D:11 |    4514 |    5223 |  53.6 |      25 |      21 |  45.7
       D:12 |    1970 |       0 |   0.0 |      10 |       0 |   0.0
    Ossuary |       0 |     289 | 100.0 |       0 |      57 | 100.0
      IceCv |       0 |    4293 | 100.0 |       0 |      27 | 100.0
            +---------+---------+-------+---------+---------+-------
